 Dungeon Crawl Stone Soup version 0.29-a0-870-g2c972031a6 (webtiles) character file.

Game seed: 1522863988923263095

401 zeratav the Tainter (level 6, -3/36 HPs)
             Began as an Octopode Venom Mage on July 17, 2022.
             Was an Initiate of Gozag.
             Killed from afar by a white imp (9 damage)
             ... with a puff of frost
             ... on level 5 of the Dungeon on July 18, 2022.
             The game lasted 00:09:03 (5678 turns).

zeratav the Tainter (Octopode Venom Mage)           Turns: 5678, Time: 00:09:03

Health: -3/36      AC:  1    Str:  7    XL:     6   Next: 85%
Magic:  9/9        EV: 13    Int: 19    God:    Gozag
Gold:   300        SH:  0    Dex: 13    Spells: 2/9 levels left

rFire   . . .      SeeInvis .   g - +0 dagger {short}
rCold   . . .      Faith    .   (no shield)
rNeg    . . .      Spirit   .   (helmet restricted)
rPois   .          Reflect  .   f - amulet of magic regeneration {@e2}
rElec   .          Harm     .   (no ring)
rCorr   .          Rampage  .   (no ring)
Will    .....                   (no ring)
Stlth   ++++......              (no ring)
HPRegen 0.12/turn               (no ring)
MPRegen 0.51/turn               (no ring)
                                (no ring)
                                (no ring)

@: gold aura
A: almost no armour, amphibious, 8 rings, camouflage 1, gelatinous body 1,
(nimble swimmer 1), tentacles
a: Renounce Religion, Potion Petition, Call Merchant, Bribe Branch


You were on level 5 of the Dungeon.
You worshipped Gozag.
Gozag was aware of your devotion.
You visited 1 branch of the dungeon, and saw 5 of its levels.

You collected 371 gold pieces.
You paid 71 gold pieces to Gozag.


Innate Abilities, Weirdness & Mutations

You cannot wear most types of armour.
You are amphibious.
You can wear up to eight rings at the same time.
Your skin changes colour to match your surroundings (Stealth+).
Your rubbery body absorbs attacks. (AC +1, EV +1)
((You are camouflaged when in or above water. (Stealth+)))
You have tentacles for arms and can constrict up to eight enemies at once.


   Skills:
 - Level 2.0 Dodging
 - Level 5.0 Stealth
 - Level 2.0 Spellcasting
 - Level 1.0 Transmutations
 + Level 8.2 Poison Magic


You had 2 spell levels left.
You knew the following spells:

 Your Spells              Type           Power      Damage    Failure   Level
a - Sting                 Tmut/Pois      76%        1d6       2%          1
b - Poisonous Vapours     Pois/Air       34%        N/A       4%          2
c - Olgreb's Toxic Radia  Pois           33%        N/A       5%          4

Your spell library contained the following spells:

 Spells                   Type           Power      Damage    Failure   Level
 Freeze                   Ice            4%         1d3       17%         1
 Sublimation of Blood     Necr           1%         N/A       26%         2
 Mephitic Cloud           Conj/Pois/Air  12%        N/A       16%         3
 Frozen Ramparts          Ice            2%         1d2       45%         3
 Gell's Gravitas          Tloc           1%         N/A       45%         3
 Lesser Beckoning         Tloc           1%         N/A       45%         3
 Teleport Other           Tloc           1%         N/A       45%         3
 Petrify                  Tmut/Erth      3%         N/A       80%         4
 Hailstorm                Conj/Ice       1%         3d3       86%         4
 Irradiate                Conj/Tmut      1%         3d12      98%         5

Inventory:

Hand Weapons
 g - a +0 dagger (weapon) {short}
   (You took it off a goblin on level 1 of the Dungeon)
Jewellery
 f - an amulet of magic regeneration (around mantle) {@e2}
   (You found it on level 1 of the Dungeon)
Scrolls
 c - a scroll of blinking {!r}
 h - a scroll of fog {unknown}
 j - a scroll of noise {unknown}
 k - a scroll of vulnerability {unknown}
 l - 2 scrolls of brand weapon {unknown}
 n - 3 scrolls of teleportation {unknown}
 p - 3 scrolls of identify {@r1}
 q - a scroll of enchant weapon {unknown}
 s - a scroll of poison {unknown}
 t - a scroll of silence {unknown}
Potions
 a - a potion of magic
 b - 2 potions of heal wounds {unknown}
 d - 2 potions of curing {@q1}
 e - a potion of lignification {unknown}
 i - a potion of cancellation {unknown}
 m - a potion of ambrosia {unknown}
 o - a potion of brilliance {unknown}
 r - 3 potions of mutation {unknown}

Dungeon Overview and Level Annotations

Branches:
Dungeon (5/15) Zot: 24313
 Temple: D:4-7

Altars:
Ashenzari
Dithmenos
Gozag
Kikubaaqudgha
Ru
Vehumet
Wu Jian
Xom

Annotations:
D:2 1 runed translucent door, Crazy Yiuf
D:3 exclusion: downstairs

.... ...#
g..# ..#
#$#+####
#$.....#
+$$$...#
#$5$...#
#@##......
### #####
$


You could see a white imp.


Message History

The gnoll is distracted by your dazzling golden aura.
A jackal comes into view.
Your Poison Magic skill increases to level 8!
The white imp is distracted by your dazzling golden aura.
MP[+1]
Casting: Olgreb's Toxic Radiance (quite dangerous; 6% risk of failure)
Confirm with . or Enter, or press ? or * to list all spells.
Aiming: Poisonous Vapours (safe; 4% risk of failure)
Press: ? - help, Dir - move target, f - gnoll
Aim: a gnoll, wielding a +0 spear of flaming (almost dead, covering ground quickly, very poisoned) Poisonous vapours surround the gnoll!
The gnoll looks even sicker.
The white imp shouts!
The gnoll shouts!
The white imp is no longer distracted by gold.
You kill the gnoll!
The gnoll is no longer distracted by gold.
MP[-2]
You lost 2 mp, and now have 0/9 mp.
You closely miss the jackal. Your grab misses the jackal.
The jackal misses you.
MP[+1]
The jackal is distracted by your dazzling golden aura.
The jackal bites you.
The gnoll is distracted by your dazzling golden aura.
The jackal barks!
You climb upwards.
There is a stone staircase leading down here.
HP[-1] MP[+1]
You take 1 damage, and now have 32/36 hp.
You miss the jackal. Your grab misses the jackal. You squeeze the jackal.
You kill the jackal!
The jackal is no longer distracted by gold.
The jackal misses you.
The jackal is distracted by your dazzling golden aura.
MP[+1]
The jackal barks!
You hit the jackal but do no damage.
The jackal is no longer distracted by gold.
You grab the jackal. You constrict the jackal. The jackal closely misses you.
You hit the jackal. You constrict the jackal.
You kill the jackal!
MP[+1]
You now have 296 gold pieces (gained 5).
MP[+1]
There is a stone staircase leading down here.
HP[+1]
You now have 300 gold pieces (gained 4).
MP[+1]
You start resting.
HP[+3] MP[+3]
Your hp is fully restored (36).
Your mp is fully restored (9).
There is a stone staircase leading down here.
You climb downwards.
There is a stone staircase leading up here.
Casting: Poisonous Vapours (safe; 4% risk of failure)
Confirm with . or Enter, or press ? or * to list all spells.
The spell is quite dangerous to miscast (6% risk of failure)!
Continue anyway?
You begin to radiate toxic energy.
The gnoll is poisoned.
The gnoll hits you with a +0 whip.
HP[-4] MP[-4]
You take 4 damage, and now have 32/36 hp.
You lost 4 mp, and now have 5/9 mp.
You barely miss the gnoll. You grab the gnoll. You squeeze the gnoll.
The gnoll looks even sicker.
Your toxic aura wanes.
You constrict the gnoll. The gnoll closely misses you. The white imp hits you.
The white imp freezes you.
HP[-6] MP[+1]
You take 6 damage, and now have 26/36 hp.
You hit the gnoll.
You kill the gnoll!
The white imp hits you. The white imp freezes you.
HP[-5]
You take 5 damage, and now have 21/36 hp.
You hit the white imp but do no damage. You grab the white imp.
You constrict the white imp. The white imp hits you.
* * * LOW HITPOINT WARNING * * *
The white imp freezes you.
* * * LOW HITPOINT WARNING * * *
HP[-8] MP[+1]
You take 8 damage, and now have 13/36 hp.
MASSIVE DAMAGE!! (PAUSE)
You hit the white imp but do no damage.
You constrict the white imp, but do no damage.
The white imp gestures at you. The puff of frost misses you.
HP[+1]
You hit the white imp. You constrict the white imp.
The white imp gestures at you. The puff of frost hits you!
* * * LOW HITPOINT WARNING * * *
HP[-8] MP[+1]
You take 8 damage, and now have 6/36 hp.
MASSIVE DAMAGE!! (PAUSE)
You barely miss the white imp. You constrict the white imp.
The white imp misses you.
You hit the white imp. You constrict the white imp.
The white imp gestures at you. The puff of frost hits you!
You die...
Your body crumbles into a pile of gold.

Skill      XL: |  1  2  3  4  5  6 |
---------------+-------------------+-----
Stealth        | 3 4 5 |  5.0
Poison Magic   | 4 5 7 8 |  8.2
Dodging        | |  2.0
Spellcasting   | |  2.0
Transmutations | |  1.0

Action                   |  1- 3 |  4- 6 || total
-------------------------+-------+-------++-------
Melee: Club              |    16 |       ||    16
       Constrict         |     4 |    14 ||    18
       Tentacles         |     4 |    10 ||    14
       Dagger            |     4 |    67 ||    71
       Punch             |       |     2 ||     2
 Cast: Sting             |    56 |   113 ||   169
       Poisonous Vapours |     4 |    50 ||    54
       Olgreb's Toxic Ra |       |     4 ||     4
  Use: Scroll            |     1 |       ||     1
 Stab: Sleeping          |     4 |     4 ||     8
Armor: Skin              |     3 |     9 ||    12
Dodge: Dodged            |    30 |    96 ||   126

Levels and vault maps discovered:
D:1:      dpeg_arrival_stone_temple_mockup, layout_basic
D:2:      layout_rooms, corexii_item_surrounded_by_moat, minivault_14,
          uniq_crazy_yiuf_cottage
D:3:      layout_basic, nicolae_overflow_hidden_temple,
          gammafunk_temple_overflow_claw, serial_undead, serial_undead_b,
          serial_undead_c, serial_undead_e, serial_undead_d, minmay_vboxes,
          uniq_robin
D:4:      layout_loops_corners, minmay_overflow_temple_star_hex
D:5:      layout_basic, uniq_blork_the_orc, uniq_sigmund

Notes
Turn   | Place    | Note
-------+----------+-------------------------------------------
     0 | D:1      | zeratav the Octopode Venom Mage began the quest for the
                  | Orb.
     0 | D:1      | Reached XP level 1. HP: 11/11 MP: 3/3
     0 | D:1      | magus.rc [v1.9.6]
   491 | D:1      | Reached skill level 3 in Stealth
   581 | D:1      | Reached skill level 4 in Poison Magic
   581 | D:1      | Reached XP level 2. HP: 5/17 MP: 3/5
  1044 | D:1      | Learned a level 2 spell: Poisonous Vapours
  1303 | D:2      | Reached XP level 3. HP: 9/21 MP: 3/6
  1334 | D:2      | Reached skill level 4 in Stealth
  1810 | D:2      | Reached XP level 4. HP: 27/27 MP: 5/7
  2143 | D:2      | Found a runed translucent door.
  2144 | D:2      | Noticed Crazy Yiuf
  2233 | D:3      | Reached skill level 5 in Poison Magic
  2314 | D:3      | Reached skill level 5 in Stealth
  2448 | D:2      | HP: 6/27 [worm (9)]
  2759 | D:3      | You pick up a book of Displacement and begin reading...
  2759 | D:3      | You add the spells Lesser Beckoning, Gell's Gravitas and
                  | Teleport Other to your library.
  2853 | D:3      | Noticed Robin
  2863 | D:3      | Killed Robin
  2887 | D:3      | Reached XP level 5. HP: 10/31 MP: 3/8
  3319 | D:3      | Identified the +0 pair of boots of Rits {rF+ Int+7}
  3470 | D:3      | Reached skill level 6 in Poison Magic
  3626 | D:3      | Found an ornate altar of the Wu Jian Council.
  3626 | D:3      | Found a shimmering altar of Xom.
  3627 | D:3      | Found a shadowy altar of Dithmenos.
  3634 | D:3      | You pick up a book of Frost and begin reading...
  3634 | D:3      | You add the spells Freeze, Frozen Ramparts and Hailstorm to
                  | your library.
  4161 | D:3      | magus.rc [v1.9.6]
  4371 | D:4      | Found a sacrificial altar of Ru.
  4374 | D:4      | Found an ancient bone altar of Kikubaaqudgha.
  4374 | D:4      | Found a radiant altar of Vehumet.
  4390 | D:4      | Found an opulent altar of Gozag.
  4398 | D:4      | Became a worshipper of Gozag Ym Sagoz the Greedy
  4404 | D:4      | Found a broken altar of Ashenzari.
  4454 | D:4      | Reached skill level 7 in Poison Magic
  4454 | D:4      | Reached XP level 6. HP: 28/36 MP: 1/9
  4809 | D:4      | Learned a level 4 spell: Olgreb's Toxic Radiance
  4984 | D:4      | You pick up a book of Alchemy and begin reading...
  4984 | D:4      | You add the spells Sublimation of Blood, Petrify and
                  | Irradiate to your library.
  5621 | D:5      | Entered Level 5 of the Dungeon
  5632 | D:5      | Reached skill level 8 in Poison Magic
  5676 | D:5      | HP: 6/36 [white imp/puff of frost (8)]
  5678 | D:5      | Killed from afar by a white imp

Vanquished Creatures
  A howler monkey (D:4)
  A gnoll bouda (D:5)
  A hound (D:4)
  An orc wizard (D:4)
  Robin (D:3)
  5 gnolls (D:5)
  9 adders
  A shadow imp (D:4)
  4 worms
  6 orcs
  11 endoplasms
  3 giant cockroaches
  20 goblins
  6 hobgoblins
  7 jackals
  6 kobolds
  3 quokkas
  9 ball pythons
  A ball python zombie (D:3)
  7 bats
  5 frilled lizards
  A quokka zombie (D:3)
  4 rats
113 creatures vanquished.

Vanquished Creatures (others)
  2 withered plants (D:3)
2 creatures vanquished.

Grand Total: 115 creatures vanquished

Table legend:
 A = Non-vault XP
 B = Vault XP
 C = Vault XP percentage of total XP
 D = Non-vault monster count
 E = Vault monster count
 F = Vault count percentage of total count
                 A         B        C        D         E       F
            +---------+---------+-------+---------+---------+-------
      Total |     509 |      64 |  11.2 |      92 |      21 |  18.6
            +---------+---------+-------+---------+---------+-------
        D:1 |      23 |       0 |   0.0 |      13 |       0 |   0.0
        D:2 |      72 |       7 |   8.9 |      23 |       4 |  14.8
        D:3 |      63 |      57 |  47.5 |      19 |      17 |  47.2
        D:4 |     233 |       0 |   0.0 |      29 |       0 |   0.0
        D:5 |     118 |       0 |   0.0 |       8 |       0 |   0.0
            +---------+---------+-------+---------+---------+-------

Illustrated notes

Table legend:
 A = Kills in this place as a percentage of kills in entire the game.
 B = Kills by you in this place as a percentage of kills by you in the entire game.
 C = Kills by friends in this place as a percentage of kills by friends in the entire game.
 D = Other kills in this place as a percentage of other kills in the entire game.
 E = Experience gained in this place as a percentage of experience gained in the entire game.
 F = Experience gained in this place divided by the number of levels of this place that you have seen.
                   A       B       C       D       E      F
               +-------+-------+-------+-------+-------+----------------------
         Total | 100.0 | 100.0 |   N/A |   N/A | 100.0 | 114.6
       Dungeon | 100.0 | 100.0 |   N/A |   N/A | 100.0 | 114.6
               +-------+-------+-------+-------+-------+----------------------

Table legend: (Time is in decaauts)
 A = Elapsed time spent in this place.
 B = Non-inter-level travel time spent in this place.
 C = Inter-level travel time spent in this place.
 D = Time resting spent in this place.
 E = Time spent auto-exploring this place.
 F = Levels seen in this place.
 G = Mean time per level.
                   A        B        C        D        E       F      G
               +--------+--------+--------+--------+--------+-----+--------+
         Total |   5686 |   5499 |    187 |   1723 |   2869 |   5 | 1137.2 |
       Dungeon |   5686 |   5499 |    187 |   1723 |   2869 |   5 | 1137.2 |
               +--------+--------+--------+--------+--------+-----+--------+

Top non-repeatable levels by time:
     D:3: 1561 daAuts
     D:4: 1495 daAuts
     D:1: 1384 daAuts
     D:2: 1221 daAuts
     D:5: 23 daAuts
